 Dungeon Crawl Stone Soup version 0.21.1-1-g345015f (webtiles) character file.

7148 dvd the Magician (level 11, -9/83 HPs)
             Began as a Gnoll Wanderer on June 9, 2018.
             Was a Priest of Qazlal.
             Mangled by a spiny frog (15 damage)
             ... on level 10 of the Dungeon.
             The game lasted 00:54:24 (12411 turns).

dvd the Magician (Gnoll Wanderer)                  Turns: 12411, Time: 00:54:24

Health: -9/83      AC: 15    Str: 15    XL:     11   Next: 10%
Magic:  28/31      EV: 15    Int: 16    God:    Qazlal [***...]
Gold:   762        SH:  4    Dex: 16    Spells: 8/25 levels left

rFire    . . .     SeeInvis .   C - +2 flail (protect)
rCold    . . .     Gourm    .   (no shield)
rNeg     . . .     Faith    .   H - +0 leather armour {rPois}
rPois    +         Spirit   .   m - +1 helmet
rElec    .         Reflect  .   (no cloak)
rCorr    +         Harm     .   o - +0 pair of gloves
MR       .....                  Q - +0 pair of boots
Stlth    ++........             t - amulet of rage
HPRegen  0.23/turn              u - ring of resist corrosion
MPRegen  0.22/turn              I - ring of magical power

@: icy armour, slow
A: distributed training, fangs 1, strong nose
a: Upheaval, Elemental Force, Renounce Religion, Evoke Berserk Rage


You were on level 10 of the Dungeon.
You worshipped Qazlal.
Qazlal was most pleased with you.
You were not hungry.

You visited 3 branches of the dungeon, and saw 12 of its levels.
You also visited: Sewer.

You collected 762 gold pieces.

Inventory:

Hand Weapons
 a - a +2 trident of holy wrath
 b - a +1 shortbow of velocity
 c - a +2 war axe of venom
 w - a +2 war axe of flaming
 C - a +2 flail of protection (weapon)
 F - a +2 hand axe of electrocution
 J - a +1 shortbow
Missiles
 x - 5 silver javelins (quivered)
 E - 226 arrows
Armour
 m - a +1 helmet (worn)
 o - a +0 pair of gloves (worn)
 s - a +0 chain mail of magic resistance
 D - a +3 chain mail
 H - a +0 leather armour of poison resistance (worn)
 Q - a +0 pair of boots (worn)
 R - a +0 chain mail of fire resistance
Magical Staves
 k - an uncursed staff of summoning
Jewellery
 t - an amulet of rage (around neck)
 u - a ring of resist corrosion (left hand)
 I - a ring of magical power (right hand)
Wands
 B - a wand of digging (13)
 L - a wand of disintegration (18)
 O - a wand of flame (31)
 P - a wand of polymorph (12)
Scrolls
 e - 5 scrolls of teleportation
 j - 2 scrolls of magic mapping
 l - 8 scrolls of identify
 p - a scroll of enchant weapon
 z - 4 scrolls of enchant armour
 A - a scroll of blinking
 N - 2 scrolls of remove curse
Potions
 g - a potion of heal wounds
 i - 5 potions of flight
 n - a potion of brilliance
 q - 5 potions of curing
 r - 2 potions of ambrosia
Books
 d - the Volume of the Snowflakes

   Spells                             Type                      Level
   a - Freeze                         Ice                          1
   b - Ozocubu's Armour               Charms/Ice                   3
 h - a book of Minor Magic

   Spells                             Type                      Level
   a - Magic Dart                     Conjuration                  1
   b - Blink                          Translocation                2
   c - Call Imp                       Summoning                    2
   d - Slow                           Hexes                        2
   e - Conjure Flame                  Conjuration/Fire             3
   f - Mephitic Cloud                 Conjuration/Poison/Air       3
 v - a book of Frost

   Spells                             Type                      Level
   a - Freeze                         Ice                          1
   b - Throw Frost                    Conjuration/Ice              2
   c - Ozocubu's Armour               Charms/Ice                   3
   d - Throw Icicle                   Conjuration/Ice              4
   e - Summon Ice Beast               Ice/Summoning                4
 y - a book of Maledictions

   Spells                             Type                      Level
   a - Corona                         Hexes                        1
   b - Ensorcelled Hibernation        Hexes/Ice                    2
   c - Confuse                        Hexes                        3
   d - Tukima's Dance                 Hexes                        3
   e - Dazzling Spray                 Conjuration/Hexes            3
 G - a book of Cantrips

   Spells                             Type                      Level
   a - Confusing Touch                Hexes                        1
   b - Animate Skeleton               Necromancy                   1
   c - Summon Small Mammal            Summoning                    1
   d - Apportation                    Translocation                1
 M - a book of Misfortune

   Spells                             Type                      Level
   a - Confusing Touch                Hexes                        1
   b - Confuse                        Hexes                        3
   c - Gell's Gravitas                Translocation                3
   d - Petrify                        Transmutation/Earth          4
   e - Metabolic Englaciation         Hexes/Ice                    5
   f - Yara's Violent Unravelling     Hexes/Transmutation          5
Comestibles
 f - 17 rations


   Skills:
 + Level 6.4 Fighting
 + Level 5.8 Short Blades
 + Level 5.8 Long Blades
 + Level 5.8 Axes
 + Level 5.8 Maces & Flails
 + Level 5.8 Polearms
 + Level 5.8 Staves
 + Level 5.8 Slings
 + Level 7.5 Bows
 + Level 5.8 Crossbows
 + Level 5.8 Throwing
 + Level 5.8 Armour
 + Level 5.8 Dodging
 + Level 6.3 Stealth
 + Level 6.4 Shields
 + Level 5.8 Unarmed Combat
 + Level 7.8 Spellcasting
 + Level 4.8 Conjurations
 + Level 4.8 Hexes
 + Level 4.8 Charms
 + Level 4.8 Summonings
 + Level 4.8 Necromancy
 + Level 4.8 Translocations
 + Level 4.8 Transmutations
 + Level 4.8 Fire Magic
 + Level 7.4 Ice Magic
 + Level 4.8 Air Magic
 + Level 4.8 Earth Magic
 + Level 4.8 Poison Magic
 + Level 6.4 Invocations
 + Level 5.8 Evocations


You had 8 spell levels left.
You knew the following spells:

 Your Spells              Type           Power        Failure   Level  Hunger
a - Freeze                Ice            ####         1%          1    None
b - Blink                 Tloc           N/A          2%          2    None
c - Ozocubu's Armour      Chrm/Ice       ####....     3%          3    ##.....
d - Magic Dart            Conj           ###.         1%          1    None
e - Throw Icicle          Conj/Ice       ####....     11%         4    ####...
f - Throw Frost           Conj/Ice       ####..       1%          2    None
g - Summon Ice Beast      Ice/Summ       ####....     11%         4    ####...


Dungeon Overview and Level Annotations

Branches:
Dungeon (10/15)            Temple (1/1) D:4            Lair (1/6) D:10
    Orc: D:9-12

Altars:
Ashenzari
Cheibriados
Dithmenos
Elyvilon
Fedhas
Gozag
Hepliaklqana
Kikubaaqudgha
Makhleb
Nemelex Xobeh
Okawaru
Qazlal
Ru
Sif Muna
Trog
Uskayaw
Vehumet
Wu Jian
Xom
Yredelemnul
Zin
The Shining One

Shops:
D:4 :   D:10 :


Innate Abilities, Weirdness & Mutations

Your experience applies equally to all skills.
You have very sharp teeth.
Your uncanny sense of smell can sniff out nearby items.


Message History

You hit the spiny frog.
Your weapon exudes an aura of protection.
You bite the spiny frog, but do no damage.
The spiny frog is severely wounded.
You block the spiny frog's attack. The spiny frog stings you!
You barely miss the spiny frog.
The spiny frog is severely wounded.
The spiny frog closely misses you.
You barely miss the spiny frog.
The spiny frog is severely wounded.
The spiny frog stings you!
* * * LOW HITPOINT WARNING * * *
The spiny frog stings you!!
* * * LOW HITPOINT WARNING * * *
Unknown command.
You closely miss the spiny frog.
You bite the spiny frog, but do no damage.
The spiny frog is severely wounded.
The spiny frog stings you!
You die...

#......##...# ##..##
#...........# ##..##
#...........# #...#
#..........## ##..##
#........### #...#
##....##### #...##
#....## #....##
######....# ###
###...## ....#.....#
##@# ##...##
##........## #†F#
##...#
##........####.#######
##...
#...........†.......##
##..
#...###.<>...........#
##. #..##
############...## ##
#..# ###..## # #..#
##..### ## #..#
#....#####.


You could see a spiny frog.

Vanquished Creatures
  A black mamba (D:10)
  A centaur skeleton (D:10)
  2 hippogriffs
  Menkaure (D:5)
  A water moccasin (D:10)
  2 sky beasts
  2 ice beasts
  2 orc warriors
  4 ogres
  15 wolves (D:10)
  A phantom (D:5)
  8 centaurs
  2 crocodiles
  3 big kobolds
  8 bullfrogs
  2 scorpions
  5 killer bees (D:9)
  3 howler monkeys (D:7)
  2 bullfrog zombies
  A crimson imp (D:5)
  A quasit (Sewer)
  2 hounds
  2 jellies
  6 orc priests
  A bullfrog skeleton (D:7)
  2 orc wizards (D:7)
  A gnoll shaman (D:5)
  Jessica (D:3)
  Terence (D:3)
  6 worker ants
  Natasha (thrice) (D:3)
  2 iguanas
  A killer bee zombie (D:9)
  A big kobold zombie (Sewer)
  A hound skeleton (D:8)
  A worker ant zombie (D:6)
  A howler monkey skeleton (D:6)
  8 gnolls (D:5)
  2 river rats (D:4)
  11 adders
  11 shadow imps
  An ufetubus (Sewer)
  2 oozes
  3 adder skeletons
  4 worms
  4 dart slugs
  7 leopard geckos
  24 orcs
  2 ball pythons
  9 bats
  7 giant cockroaches
  6 goblins
  4 hobgoblins
  12 jackals
  2 quokkas
  2 frilled lizards (D:3)
  3 jackal skeletons
  29 kobolds
  A leopard gecko skeleton (D:5)
  A leopard gecko zombie (D:7)
  4 rats
258 creatures vanquished.

Vanquished Creatures (collateral kills)
  An ugly thing (D:10)
  An ogre (D:6)
  3 orcs (D:7)
  A kobold (D:7)
6 creatures vanquished.

Vanquished Creatures (others)
  A big kobold zombie (Sewer)
  A kobold zombie (Sewer)
2 creatures vanquished.

Grand Total: 266 creatures vanquished

Notes
Turn   | Place    | Note
-------+----------+-------------------------------------------
     0 | D:1      | dvd the Gnoll Wanderer began the quest for the Orb.
     0 | D:1      | dvd set off with: a book of Minor Magic, a +0 shortbow, 22 arrows, the Volume of the Snowflakes, a +0 robe, a ration
     0 | D:1      | Reached XP level 1. HP: 17/17 MP: 6/6
     0 | D:1      | Identified the Volume of the Snowflakes
     2 | D:1      | Learned a level 1 spell: Freeze
   203 | D:1      | Reached XP level 2. HP: 23/23 MP: 7/7
   516 | D:1      | Learned a level 2 spell: Blink
   634 | D:2      | Reached XP level 3. HP: 18/28 MP: 6/9
   697 | D:2      | Reached skill level 5 in Spellcasting
   964 | D:2      | Reached skill level 1 in Invocations
  1038 | D:2      | Found a sacrificial altar of Ru.
  1039 | D:2      | Reached skill level 1 in Short Blades
  1039 | D:2      | Reached skill level 1 in Long Blades
  1039 | D:2      | Reached skill level 1 in Axes
  1039 | D:2      | Reached skill level 1 in Maces & Flails
  1039 | D:2      | Reached skill level 1 in Polearms
  1039 | D:2      | Reached skill level 1 in Staves
  1039 | D:2      | Reached skill level 1 in Slings
  1039 | D:2      | Reached skill level 1 in Crossbows
  1039 | D:2      | Reached skill level 1 in Throwing
  1039 | D:2      | Reached skill level 1 in Armour
  1039 | D:2      | Reached skill level 1 in Dodging
  1039 | D:2      | Reached skill level 1 in Unarmed Combat
  1039 | D:2      | Reached skill level 1 in Evocations
  1096 | D:2      | Reached XP level 4. HP: 34/34 MP: 8/11
  1396 | D:3      | Learned a level 3 spell: Ozocubu's Armour
  1424 | D:3      | Noticed Jessica
  1520 | D:3      | Killed Jessica
  1520 | D:3      | Reached skill level 1 in Conjurations
  1520 | D:3      | Reached skill level 1 in Hexes
  1520 | D:3      | Reached skill level 1 in Charms
  1520 | D:3      | Reached skill level 1 in Summonings
  1520 | D:3      | Reached skill level 1 in Necromancy
  1520 | D:3      | Reached skill level 1 in Translocations
  1520 | D:3      | Reached skill level 1 in Transmutations
  1520 | D:3      | Reached skill level 1 in Fire Magic
  1520 | D:3      | Reached skill level 1 in Air Magic
  1520 | D:3      | Reached skill level 1 in Earth Magic
  1520 | D:3      | Reached skill level 1 in Poison Magic
  1578 | D:3      | Noticed Natasha
  1586 | D:3      | Killed Natasha
  1586 | D:3      | Reached XP level 5. HP: 29/40 MP: 8/12
  1695 | D:3      | Noticed Terence
  1707 | D:3      | Killed Terence
  1831 | D:3      | Noticed Natasha
  1838 | D:3      | Killed Natasha
  2014 | D:3      | Noticed Natasha
  2023 | D:3      | Killed Natasha
  2023 | D:3      | Reached XP level 6. HP: 47/47 MP: 8/13
  2190 | D:4      | Found a glowing drain.
  2197 | Sewer    | Entered a sewer
  2521 | Sewer    | Found a burning altar of Makhleb.
  2531 | Sewer    | Reached skill level 5 in Bows
  2568 | Sewer    | Noticed Grinder
  2586 | Sewer    | Paralysed by Grinder for 5 turns
  2983 | Sewer    | Reached XP level 7. HP: 52/52 MP: 15/15
  2990 | Sewer    | Paralysed by Grinder for 5 turns
  3008 | Sewer    | Paralysed by Grinder for 5 turns
  3656 | D:4      | Found Onunwim's Book Shop.
  3929 | D:4      | Learned a level 1 spell: Magic Dart
  3936 | D:4      | Found a staircase to the Ecumenical Temple.
  3979 | Temple   | Entered the Ecumenical Temple
  4258 | Temple   | Became a worshipper of Qazlal Stormbringer
  4498 | D:5      | Entered Level 5 of the Dungeon
  4802 | D:5      | Reached XP level 8. HP: 22/60 MP: 8/16
  5279 | D:5      | Noticed Menkaure
  5291 | D:5      | Killed Menkaure
  5744 | D:5      | Reached * piety under Qazlal
  5819 | D:5      | Found an iron altar of Okawaru.
  6135 | D:6      | Reached XP level 9. HP: 63/66 MP: 16/18
  6508 | D:6      | Learned a level 2 spell: Call Imp
  7630 | D:7      | Reached ** piety under Qazlal
  7710 | D:7      | Reached skill level 5 in Fighting
  7710 | D:7      | Reached skill level 5 in Shields
  8259 | D:7      | Reached skill level 5 in Stealth
  8453 | D:8      | Learned a level 2 spell: Throw Frost
  8775 | D:8      | Found a bloodstained altar of Trog.
  8926 | D:8      | Found a shattered altar of Ashenzari.
  8926 | D:8      | Found a glowing silver altar of Zin.
  9245 | D:9      | Reached skill level 5 in Invocations
  9350 | D:9      | Reached *** piety under Qazlal
  9486 | D:9      | Reached XP level 10. HP: 74/74 MP: 20/20
 10094 | D:10     | Entered Level 10 of the Dungeon
 10203 | D:10     | Found a staircase to the Lair.
 10283 | D:10     | Reached skill level 5 in Short Blades
 10283 | D:10     | Reached skill level 5 in Long Blades
 10283 | D:10     | Reached skill level 5 in Axes
 10283 | D:10     | Reached skill level 5 in Maces & Flails
 10283 | D:10     | Reached skill level 5 in Polearms
 10283 | D:10     | Reached skill level 5 in Staves
 10283 | D:10     | Reached skill level 5 in Slings
 10283 | D:10     | Reached skill level 5 in Crossbows
 10283 | D:10     | Reached skill level 5 in Throwing
 10283 | D:10     | Reached skill level 5 in Armour
 10283 | D:10     | Reached skill level 5 in Dodging
 10283 | D:10     | Reached skill level 5 in Unarmed Combat
 10283 | D:10     | Reached skill level 5 in Evocations
 10302 | D:10     | Noticed a green ugly thing
 10839 | D:10     | Found Agroteod's Book Shoppe.
 10854 | D:10     | Learned a level 4 spell: Summon Ice Beast
 11042 | D:10     | Learned a level 4 spell: Throw Icicle
 11437 | D:10     | Killed a green ugly thing
 11780 | Lair:1   | Entered Level 1 of the Lair of Beasts
 11800 | Lair:1   | Noticed a black mamba
 11806 | Lair:1   | Noticed a spiny frog
 11811 | D:10     | Killed a black mamba
 12092 | D:10     | Reached XP level 11. HP: 46/82 MP: 22/22
 12411 | D:10     | Mangled by a spiny frog

Skill      XL: |  1  2  3  4  5  6  7  8  9 10 |
---------------+-------------------------------+-----
Spellcasting   | 5 6 7 |  7.8
Invocations    | 1 2 3 4 5 6 |  6.4
Short Blades   | 1 2 3 4 5 |  5.8
Long Blades    | 1 2 3 4 5 |  5.8
Axes           | 1 2 3 4 5 |  5.8
Maces & Flails | 1 2 3 4 5 |  5.8
Polearms       | 1 2 3 4 5 |  5.8
Staves         | 1 2 3 4 5 |  5.8
Slings         | 1 2 3 4 5 |  5.8
Crossbows      | 1 2 3 4 5 |  5.8
Throwing       | 1 2 3 4 5 |  5.8
Armour         | 1 2 3 4 5 |  5.8
Dodging        | 1 2 3 4 5 |  5.8
Unarmed Combat | 1 2 3 4 5 |  5.8
Evocations     | 1 2 3 4 5 |  5.8
Conjurations   | 1 2 3 4 |  4.8
Hexes          | 1 2 3 4 |  4.8
Charms         | 1 2 3 4 |  4.8
Summonings     | 1 2 3 4 |  4.8
Necromancy     | 1 2 3 4 |  4.8
Translocations | 1 2 3 4 |  4.8
Transmutations | 1 2 3 4 |  4.8
Fire Magic     | 1 2 3 4 |  4.8
Air Magic      | 1 2 3 4 |  4.8
Earth Magic    | 1 2 3 4 |  4.8
Poison Magic   | 1 2 3 4 |  4.8
Fighting       | 3 4 5 6 |  6.4
Shields        | 3 4 5 6 |  6.4
Stealth        | 3 4 5 6 |  6.3
Bows           | 5 6 7 |  7.5
Ice Magic      | 6 7 |  7.4

Action                   |  1- 3 |  4- 6 |  7- 9 | 10-12 || total
-------------------------+-------+-------+-------+-------++-------
Melee: Dagger            |     7 |     4 |     2 |       ||    13
       Bite              |     3 |     2 |    30 |    11 ||    46
       Short sword       |     5 |    22 |    34 |       ||    61
       Punch             |       |     1 |     5 |     1 ||     7
       War axe           |       |       |    63 |    73 ||   136
       Trident           |       |       |    30 |    16 ||    46
       Staff             |       |       |    84 |       ||    84
       Flail             |       |       |       |    26 ||    26
 Fire: Shortbow          |    54 |   108 |   198 |    37 ||   397
Throw: Javelin           |       |       |    27 |     3 ||    30
 Cast: Freeze            |    22 |    69 |    99 |     6 ||   196
       Ozocubu's Armour  |       |     5 |    14 |     6 ||    25
       Blink             |       |     1 |     4 |     5 ||    10
       Magic Dart        |       |       |     9 |       ||     9
       Call Imp          |       |       |     8 |     1 ||     9
       Throw Frost       |       |       |     4 |       ||     4
       Summon Ice Beast  |       |       |       |     2 ||     2
Invok: Upheaval          |       |       |       |     3 ||     3
  Use: Scroll            |       |     5 |    11 |     1 ||    17
       Potion            |       |     5 |     4 |     5 ||    14
 Stab: Sleeping          |     1 |     2 |     3 |       ||     6
  Eat: Chunk             |       |     6 |    12 |     6 ||    24
       Ration            |       |       |     3 |     1 ||     4
Armor: Robe              |     4 |    19 |    72 |       ||    95
       Leather armour    |       |       |    21 |    91 ||   112
Dodge: Dodged            |    17 |    57 |   227 |   186 ||   487
Block: Other             |       |       |    22 |    53 ||    75
